 Dungeon Crawl Stone Soup version 0.29-a0-330-g52719c12eb (webtiles) character file.

Game seed: 18394671749392512869

265 Ajdolov the Skirmisher (level 6, -1/63 HPs)
             Began as an Ogre Artificer on Apr 14, 2022.
             Succumbed to a scorpion's poison
             ... on level 4 of the Dungeon.
             The game lasted 00:06:46 (5062 turns).

Ajdolov the Skirmisher (Ogre Artificer)             Turns: 5062, Time: 00:06:46

Health: -1/63      AC:  3    Str: 17    XL:     6   Next: 20%
Magic:  6/6        EV: 14    Int: 14    God:
Gold:   168        SH:  0    Dex:  9    Spells: 5/5 levels left

rFire   . . .      SeeInvis .   f - +0 mace
rCold   . . .      Faith    .   (no shield)
rNeg    . . .      Spirit   .   b - +0 robe
rPois   .          Reflect  .   (helmet restricted)
rElec   .          Harm     .   (no cloak)
rCorr   .          Rampage  .   (gloves unavailable)
Will    .....                   (boots unavailable)
Stlth   +.........              (no amulet)
HPRegen 0.20/turn               n - +4 ring of evasion
MPRegen 0.10/turn               (no ring)

@: lethally poisoned (-1 -> -11), invisible
A: large, unfitting armour, tough skin 1
a: no special abilities


You were on level 4 of the Dungeon.
You visited 1 branch of the dungeon, and saw 4 of its levels.

You collected 168 gold pieces.

Inventory:

Hand Weapons
 f - a +0 mace (weapon)
 A - a +0 whip
Armour
 b - a +0 robe (worn)
Jewellery
 n - a +4 ring of evasion (left hand)
Wands
 c - a wand of flame (14) (quivered)
 d - a wand of charming (11)
 e - a wand of iceblast (5)
 s - a wand of acid (3)
Scrolls
 a - a scroll of blinking {unknown}
 h - 4 scrolls of identify {unknown}
 i - 2 scrolls of enchant weapon {unknown}
 k - 2 scrolls of teleportation {unknown}
 l - a scroll of magic mapping {unknown}
 m - a scroll of brand weapon {unknown}
 o - 2 scrolls of fear {unknown}
 p - a scroll of acquirement {unknown}
 u - a scroll of fog {unknown}
 w - a scroll of silence {unknown}
 y - a scroll of torment {unknown}
 B - a scroll of noise {unknown}
Potions
 g - a potion of lignification {unknown}
 j - a potion of degeneration {unknown}
 q - a potion of invisibility
 t - a potion of haste {unknown}
 v - a potion of mutation {unknown}
 x - a potion of attraction {unknown}
 z - a potion of curing {unknown}


   Skills:
 + Level 4.5 Fighting
 * Level 4.3 Maces & Flails
 - Level 2.1 Dodging
 - Level 0.6 Stealth
 - Level 2.4 Evocations


You had 5 spell levels left.
You didn't know any spells.
Your spell library contained the following spells:

 Spells                   Type           Power      Damage    Failure   Level
 Magic Dart               Conj           0%         1d3       28%         1
 Call Imp                 Summ           0%         N/A       41%         2
 Ensorcelled Hibernation  Hex/Ice        0%         N/A       41%         2
 Mephitic Cloud           Conj/Pois/Air  0%         N/A       65%         3
 Spider Form              Tmut/Pois      0%         N/A       65%         3
 Anguish                  Hex/Necr       0%         N/A       96%         4
 Animate Armour           Summ/Erth      0%         N/A       96%         4
 Blade Hands              Tmut           0%         N/A       100%        5
 Iron Shot                Conj/Erth      0%         9d1       100%        6


Dungeon Overview and Level Annotations

Branches:
Dungeon (4/15)
 Temple: D:4-7

Altars:
Dithmenos
Okawaru


Innate Abilities, Weirdness & Mutations

You are too large for most types of armour.
You have tough skin. (AC +1)


Message History

Unknown command.
You hit the scorpion.
The scorpion is severely wounded.
* * * LOW HITPOINT WARNING * * *
You feel very sick.
The scorpion stings you but does no damage.
Unknown command.
Throw: throwing net
Press: ? - help, Shift-Dir - straight line, f - scorpion
Aim: a scorpion (severely wounded, 56% to hit)
You throw a throwing net. The throwing net hits the scorpion.
The scorpion is caught in the net!
The scorpion is severely wounded.
* * * LOW HITPOINT WARNING * * *
You feel sick.
The scorpion struggles against the net. x2
You hit the scorpion.
The scorpion is severely wounded.
* * * LOW HITPOINT WARNING * * *
You feel very sick.
The scorpion struggles against the net.
Unknown command.
You hit the scorpion but do no damage.
The scorpion is severely wounded.
You feel sick.
The scorpion struggles against the net.
Unknown command.
You hit the scorpion but do no damage.
The scorpion is severely wounded.
You feel sick.
The scorpion struggles against the net. x2
The net rips apart, and the scorpion comes free!
Unknown command.
You closely miss the scorpion.
The scorpion is severely wounded.
* * * LOW HITPOINT WARNING * * *
You feel sick. The scorpion stings you.
* * * LOW HITPOINT WARNING * * *
You are more poisoned.
The scorpion poisons you!
It was a potion of invisibility.
You fade into invisibility!
You die...

.............# #.
.............# #.
.............# #.
....#........# #.
.............# #.
###..........###########.
.........................
....##s#################
........@................
..............###########
....###.#####.# ### #.#
#.# #+#####'## .........#
.........# .........#
#+#####'## #####


You could see a scorpion (can't see you).

Vanquished Creatures
  A phantom (D:4)
  A scorpion (D:4)
  An iguana (D:3)
  3 adders
  A worm (D:3)
  A dart slug (D:1)
  3 orcs (D:4)
  8 ball pythons
  6 endoplasms
  3 giant cockroaches
  3 goblins
  7 hobgoblins
  3 jackals
  6 kobolds
  3 quokkas
  7 bats
  4 frilled lizards
  7 rats
68 creatures vanquished.

Vanquished Creatures (collateral kills)
  A jackal (D:2)
1 creature vanquished.

Vanquished Creatures (others)
  A giant cockroach (D:1)
  A kobold (D:2)
  A plant (D:1)
3 creatures vanquished.

Grand Total: 72 creatures vanquished

Notes
Turn   | Place    | Note
-------+----------+-------------------------------------------
     0 | D:1      | Ajdolov the Ogre Artificer began the quest for the Orb.
     0 | D:1      | Reached XP level 1. HP: 19/19 MP: 1/1
   157 | D:1      | Reached skill level 1 in Maces & Flails
   157 | D:1      | Reached XP level 2. HP: 10/28 MP: 2/2
  1189 | D:1      | Reached XP level 3. HP: 36/36 MP: 3/3
  1545 | D:2      | Found a faded altar of an unknown god.
  2916 | D:2      | Reached XP level 4. HP: 43/44 MP: 4/4
  3205 | D:3      | Found an iron altar of Okawaru.
  3846 | D:3      | Found a shadowy altar of Dithmenos.
  4388 | D:4      | Noticed a phantom
  4396 | D:4      | Killed a phantom
  4397 | D:4      | Reached XP level 5. HP: 54/54 MP: 5/5
  4433 | D:4      | Reached XP level 6. HP: 32/63 MP: 6/6
  5061 | D:4      | HP: 3/63 [poisoned by a scorpion]
  5061 | D:4      | HP: 1/63 [scorpion (2)]
  5062 | D:4      | Succumbed to a scorpion's poison

Illustrated notes

Levels and vault maps discovered:
D:1:      dpeg_arrival_simpleton_c, layout_basic, serial_bayou_pond_b,
          minmay_misc_feat_tower, hangedman_decor_riveting
D:2:      layout_basic, shapermc_ecumenical_altar_totnotflames
D:3:      layout_rooms, grunt_dithmenos_smoke, okawaru_trees_1
D:4:      cheibrodos_helix_gallery, layout_basic,
          mainiacjoe_overflow_tiny_flanked, serial_shops, shop, enter_ossuary_3,
          corexii_corridor_pit, grunt_decor_one_mirror, uniq_menkaure

Skill      XL: |  1  2  3  4  5 |
---------------+----------------+-----
Maces & Flails | 1 2 3 4 |  4.3
Fighting       | 2 4 |  4.5
Dodging        | |  2.1
Stealth        | |  0.6
Evocations     | |  2.4

Action                   |  1- 3 |  4- 6 || total
-------------------------+-------+-------++-------
Melee: Dagger            |   293 |   123 ||   416
       Club              |     8 |       ||     8
       Punch             |     4 |     1 ||     5
       Whip              |       |    65 ||    65
       Mace              |       |    27 ||    27
Throw: Throwing net      |     1 |     2 ||     3
Evoke: Wand              |     5 |     9 ||    14
  Use: Potion            |       |     1 ||     1
 Stab: Sleeping          |     4 |       ||     4
Armor: Robe              |    80 |    48 ||   128
Dodge: Dodged            |   172 |   161 ||   333

Table legend: (Time is in decaauts)
 A = Elapsed time spent in this place.
 B = Non-inter-level travel time spent in this place.
 C = Inter-level travel time spent in this place.
 D = Time resting spent in this place.
 E = Time spent auto-exploring this place.
 F = Levels seen in this place.
 G = Mean time per level.
                   A        B        C        D        E       F      G
               +--------+--------+--------+--------+--------+-----+--------+
         Total |   5069 |   4952 |    117 |    819 |   3183 |   4 | 1267.2 |
       Dungeon |   5069 |   4952 |    117 |    819 |   3183 |   4 | 1267.2 |
               +--------+--------+--------+--------+--------+-----+--------+

Top non-repeatable levels by time:
     D:2: 1601 daAuts
     D:1: 1451 daAuts
     D:3: 1062 daAuts
     D:4: 952 daAuts
